AoeStats
← CrazyBen

Arena

506625895Analyzed
4v4 RM · 18d ago on Sep 14, 2026· 30m 22s· 8 players
Game mode
Random Map
Map size
Large (8 player)
Population
200
Speed
Normal
Resources
Standard
Victory
Conquest
Starting age
Dark Age
Ending age
Imperial Age
RankedLock teamsTeams togetherTeam positionsShared explorationLock speedFull tech treeHidden civsTurbo modeCheats
Victory
Defeat
1508
+18
🇵🇰 Poles · Pakistan
1502
+18
🇨🇳 Jurchens · China
1498
+19
🇫🇷 Khmer · France
1482
+19
1579
-19
1557
-19
1550
-18
1538
-18
Yucatan_water_supremacy
6:07 Loom
9:03 Feudal Age
10:38 Fletching
10:48 Town Watch
16:29 Double-Bit Axe
19:02 Horse Collar
27:55 Castle Age
28:41 Bodkin Arrow
29:31 Guard Tower
CrazyBen
9:53 Feudal Age
13:09 Castle Age
11:35 Double-Bit Axe
12:17 Horse Collar
17:01 Scale Barding Armor
18:07 Chain Barding Armor
19:02 Loom
26:24 Husbandry
Leviツ
6:14 Loom
8:28 Feudal Age
12:48 Double-Bit Axe
13:23 Horse Collar
14:07 Fletching
17:24 Wheelbarrow
22:46 Castle Age
20:57 Gold Mining
20:57 Stone Mining
24:00 Bow Saw
23:55 Heavy Plow
28:32 Gold Mining
29:18 Stone Shaft Mining
28:31 Town Watch
30:31 Hand Cart
张横
10:59 Feudal Age
12:12 Double-Bit Axe
14:58 Castle Age
14:15 Horse Collar
15:27 Scale Barding Armor
16:01 Bow Saw
22:21 Bloodlines
23:11 Husbandry
24:39 Heavy Plow
27:22 Wheelbarrow
27:17 Loom
27:17 Town Watch
27:48 Forging
29:58 Iron Casting
[韓粉戰隊] 南飄賣菜郎
10:54 Feudal Age
14:59 Castle Age
12:57 Double-Bit Axe
13:12 Horse Collar
16:13 Forging
20:44 Gold Mining
21:39 Bloodlines
22:12 Scale Barding Armor
24:51 Heavy Plow
25:29 Wheelbarrow
25:06 Husbandry
26:58 Chain Barding Armor
29:28 Iron Casting
29:45 Loom
30:13 Bow Saw
[韓粉戰隊] 跟著月亮走
11:21 Feudal Age
14:54 Castle Age
12:56 Double-Bit Axe
13:10 Horse Collar
15:44 Bow Saw
18:59 Bloodlines
19:15 Scale Barding Armor
23:08 Wheelbarrow
24:32 Gold Mining
26:49 Gold Shaft Mining
26:41 Forging
29:10 Chain Barding Armor
29:03 Heavy Plow
29:22 Husbandry
30:01 Devotion
[韓粉戰隊] 鋼鐵韓粉
8:09 Loom
10:32 Feudal Age
14:51 Castle Age
17:50 Town Watch
[韓粉戰隊] 台北庶民
10:21 Feudal Age
11:43 Loom
14:56 Castle Age
14:33 Double-Bit Axe
24:40 Wheelbarrow
24:24 Horse Collar
28:26 Bow Saw
29:50 Gold Mining
Connection lost

Rejoining the realm…

Still unreachable

The connection could not be restored.

Session expired

The server has moved on; the page needs a fresh start.